 Dungeon Crawl Stone Soup version 0.28.0-53-g5a82cb258f (webtiles) character file.

Game seed: 10192902016202929044

4472 buhh the Frost Mage (level 10, -6/86 HPs)
             Began as an Octopode Transmuter on June 16, 2022.
             Was a Follower of Cheibriados.
             Mangled by a centaur warrior
             ... wielding a staff of poison
              (15 damage)
             ... on level 8 of the Dungeon.
             The game lasted 00:26:22 (9710 turns).

buhh the Frost Mage (Octopode Transmuter)           Turns: 9710, Time: 00:26:23

Health: -6/86      AC:  9    Str: 12    XL:     10   Next: 38%
Magic:  10/13      EV: 14    Int: 23    God:    Cheibriados [*.....]
Gold:   330        SH:  0    Dex: 16    Spells: 3/13 levels left

rFire   x . .      SeeInvis .     - Unarmed
rCold   + + +      Faith    .   (shield currently unavailable)
rNeg    . . .      Spirit   .   (helmet currently unavailable)
rPois   +          Reflect  .   c - amulet of regeneration
rElec   .          Harm     .   w - +4 ring of evasion
rCorr   .          Rampage  .   (no ring)
Will    .....                   (no ring)
Stlth   ++........              (no ring)
HPRegen 1.04/turn               (no ring)
MPRegen 0.13/turn               (no ring)
                                (no ring)
                                (no ring)

@: ice-form, very slow
A: freezing attack, boosted hp, almost no armour, amphibious, 8 rings, large,
(camouflage 1), (gelatinous body 1), (nimble swimmer 1), (tentacles)
a: End Transformation, Renounce Religion, Bend Time


You were on level 8 of the Dungeon.
You worshipped Cheibriados.
Cheibriados was aware of your devotion.
You were a creature of crystalline ice.
You visited 1 branch of the dungeon, and saw 8 of its levels.

You collected 356 gold pieces.
You spent 26 gold pieces at shops.

Inventory:

Missiles
 a - 18 poisoned darts
Magical Staves
 n - a staff of earth
 q - a staff of poison
Jewellery
 c - an amulet of regeneration (around neck)
 d - the amulet of Qytargh {Reflect Rampage SH+5}
   (You found it on level 2 of the Dungeon)

   [amulet of reflection]

   It reflects blocked missile attacks.
   SH:        It affects your SH (+5).
   Rampage:   It bestows one free step when moving towards enemies.
   Cheibriados disapproves of the use of such an item.
 w - a +4 ring of evasion (left front paw)
Wands
 o - a wand of polymorph (13)
 v - a wand of digging (4)
 F - a wand of iceblast (7)
Scrolls
 b - a scroll of acquirement {unknown}
 e - a scroll of blinking {unknown}
 f - 4 scrolls of torment {unknown}
 g - 2 scrolls of identify {!d}
 h - 3 scrolls of teleportation {unknown}
 i - 3 scrolls of fear {unknown}
 j - a scroll of holy word {unknown}
 m - 3 scrolls of noise
 p - a scroll of immolation {unknown}
 t - a scroll of amnesia {unknown}
Potions
 k - 3 potions of flight
 l - a potion of lignification {!d}
 J - a potion of magic {!q!d}
 K - 3 potions of brilliance {!q!d}
 L - a potion of resistance {!q!d}
 U - 2 potions of mutation {!d}


   Skills:
 - Level 8.0 Fighting
 - Level 2.0 Dodging
 - Level 1.0 Stealth
 * Level 5.6 Unarmed Combat
 - Level 2.0 Spellcasting
 - Level 8.0 Transmutations
 - Level 8.0 Ice Magic
 + Level 3.4 Invocations


You had 3 spell levels left.
You knew the following spells:

 Your Spells              Type           Power      Damage    Failure   Level
a - Beastly Appendage     Tmut           78%        N/A       1%          1
b - Wereblood             Tmut           39%        N/A       1%          2
c - Spider Form           Tmut/Pois      20%        N/A       8%          3
d - Ice Form              Ice/Tmut       39%        N/A       4%          4

Your spell library contained the following spells:

 Spells                   Type           Power      Damage    Failure   Level
 Slow                     Hex            8%         N/A       13%         1
 Confusing Touch          Hex            2%         N/A       36%         3
 Vampiric Draining        Necr           2%         2d6       36%         3


Dungeon Overview and Level Annotations

Branches:
Dungeon (8/15)             Temple (0/1) D:7
   Lair: D:8-11

Altars:
Cheibriados
Dithmenos
Hepliaklqana
Kikubaaqudgha
Qazlal
Uskayaw
Xom

Shops:
D:6 *   D:7 *

Annotations:
D:3 Grinder
D:4 1 runed translucent door, exclusion: door, Crazy Yiuf
D:5 Edmund
D:6 Blork the orc
D:7 3 runed translucent doors, Maggie; ZoeForever1's ghost, novice HuSu


Innate Abilities, Weirdness & Mutations

You are a creature of crystalline ice.
You have a powerful freezing melee attack.
Your maximum health is increased.
Your armour is entirely melded.
You are incapable of wielding weapons or throwing items.
You cannot wear most types of armour.
You are amphibious.
You can wear up to eight rings at the same time.
((Your skin changes colour to match your surroundings (Stealth+).))
((Your rubbery body absorbs attacks. (AC +1, EV +1)))
((You are camouflaged when in or above water. (Stealth+)))
((You have tentacles for arms and can constrict up to eight enemies at once.))


Message History

Press: ? - help, Q - select action, (/) - cycle Shift-Dir - straight line, f - centaur warrior
Aim: a centaur warrior, wielding a staff of poison, wearing a +0 robe of willpower and quivering arrows (wandering, hasn't noticed you, 71% to hit)
You throw a throwing net {!f}.
The throwing net {!f} hits the centaur warrior.
The centaur warrior is caught in the net!
The centaur warrior shouts!
The centaur warrior struggles against the net.
The centaur warrior struggles against the net. x3
The net rips apart, and the centaur warrior comes free!
The centaur warrior wields a +0 longbow.
The centaur warrior shoots an arrow.
The arrow hits you!
The centaur warrior shoots an arrow.
The arrow misses you.
The centaur warrior shoots an arrow.
The arrow hits you!
The centaur warrior shoots an arrow.
The arrow misses you.
The centaur warrior shoots an arrow.
The arrow closely misses you.
Throw: 18 darts (poison)
Press: ? - help, Q - select action, (/) - cycle Shift-Dir - straight line, f/p - centaur warrior
Aim: a centaur warrior, wielding a +0 longbow, wearing a +0 robe of willpower and quivering arrows (71% to hit)
Okay, then.
Casting: Ice Form (dangerous; 4% risk of failure)
Press: ? - help, Q - select action, (/) - cycle Dir - look around, f - activate You turn into a creature of crystalline ice.
The centaur warrior shoots an arrow.
The arrow hits you!
* * * LOW HITPOINT WARNING * * *
You see here 15 stones.
As you read the scroll of fog, it crumbles to dust.
The scroll dissolves into smoke.
The centaur warrior shoots an arrow.
The arrow hits you!
* * * LOW HITPOINT WARNING * * *
The centaur warrior unwields a +0 longbow.
The centaur warrior wields a staff of poison.
The centaur warrior hits you with a staff of poison.
* * * LOW HITPOINT WARNING * * *
The centaur warrior kicks you but does no damage.
The centaur warrior closely misses you. The centaur warrior kicks you.
* * * LOW HITPOINT WARNING * * *
You hit the centaur warrior. You freeze the centaur warrior.
The centaur warrior is lightly wounded.
The centaur warrior hits you with a staff of poison!
You die...

# ############### #
#.#.#.#.....#... .#
#.#§#§#§.(..#.###.#
#..)§§c##)##......#
#.#)#Y#....c#.#.#.#
# #)#§#.....#.....#
#.###########)###
##.## #..)..# #
#.#.# ##.##.#
#.#.#.# ##(###
#.#.#.# #. #.#.##
.. ###.### ##


You could see a centaur warrior.

Vanquished Creatures
  A two-headed ogre (D:8)
  Pikel (D:6)
  A hornet (D:8)
  A wraith (D:8)
  5 yaks
  A wyvern (D:8)
  A vampire mosquito (D:8)
  A water moccasin (D:7)
  An orc warrior (D:5)
  3 necrophages
  2 centaurs (D:8)
  An ogre (D:6)
  2 phantoms
  2 lemures (D:6)
  A kobold brigand (D:8)
  A bullfrog (D:8)
  2 scorpions
  A howler monkey (D:8)
  A wight (D:8)
  A hound (D:5)
  2 gnoll shamans (D:8)
  A jelly (D:7)
  2 centaur skeletons (D:4)
  3 centaur zombies
  5 orc priests
  Jessica (D:3)
  A bullfrog skeleton (D:6)
  2 iguanas (D:6)
  5 orc wizards
  A scorpion zombie (D:5)
  A killer bee zombie (D:5)
  A hound skeleton (D:5)
  2 howler monkey zombies
  5 gnolls
  A howler monkey skeleton (D:5)
  8 adders
  2 river rats
  An adder skeleton (D:4)
  A worm (D:4)
  3 dart slugs
  19 orcs
  4 endoplasms
  2 giant cockroaches (D:1)
  4 goblins
  4 hobgoblins
  4 jackals (D:4)
  8 kobolds
  A quokka (D:1)
  8 ball pythons
  7 bats
  3 frilled lizards
  11 rats
  A spectral goblin (D:8)
154 creatures vanquished.

Notes
Turn   | Place    | Note
-------+----------+-------------------------------------------
     0 | D:1      | buhh the Octopode Transmuter began the quest for the Orb.
     0 | D:1      | Reached XP level 1. HP: 13/13 MP: 3/3
   191 | D:1      | Reached XP level 2. HP: 19/19 MP: 3/5
   296 | D:1      | You fall into a shaft and drop 1 floor!
   315 | D:2      | Identified the amulet of Qytargh {Reflect Rampage SH+5}
  1007 | D:1      | Reached XP level 3. HP: 24/25 MP: 4/6
  1157 | D:1      | Found a faded altar of an unknown god.
  2128 | D:3      | Noticed a scorpion
  2394 | D:3      | Noticed Jessica
  2402 | D:3      | Killed Jessica
  2403 | D:3      | Reached XP level 4. HP: 33/33 MP: 5/7
  2492 | D:3      | Noticed Grinder
  2515 | D:3      | Reached XP level 5. HP: 25/38 MP: 6/8
  2950 | D:4      | Noticed a phantom
  3200 | D:4      | Reached XP level 6. HP: 46/46 MP: 7/9
  3724 | D:4      | Found a runed translucent door.
  3725 | D:4      | Noticed Crazy Yiuf
  4221 | D:4      | Learned a level 2 spell: Wereblood
  4246 | D:5      | Entered Level 5 of the Dungeon
  4477 | D:5      | Noticed a wraith
  5041 | D:5      | Reached XP level 7. HP: 44/52 MP: 10/10
  5363 | D:5      | Learned a level 3 spell: Spider Form
  5368 | D:5      | Learned a level 4 spell: Ice Form
  5980 | D:5      | Noticed Sigmund
  5983 | D:5      | Noticed Sigmund
  5983 | D:5      | Sigmund changed into Sigmund the river rat
  5986 | D:5      | Killed Sigmund the river rat
  6220 | D:5      | Found a shadowy altar of Dithmenos.
  6265 | D:6      | Reached XP level 8. HP: 41/57 MP: 9/11
  6769 | D:6      | Found Uhett's General Store.
  6778 | D:6      | Bought a scroll of fog for 26 gold pieces
  6862 | D:6      | Found a hide-covered altar of Uskayaw.
  6907 | D:6      | Noticed Blork the orc
  6973 | D:6      | Noticed Pikel
  7021 | D:6      | HP: 2/57 [Pikel/+1 whip of flaming (1)]
  7022 | D:6      | Killed Pikel
  7357 | D:6      | Reached XP level 9. HP: 62/62 MP: 8/12
  7423 | D:6      | Found a shimmering altar of Xom.
  7456 | D:6      | Found an ancient bone altar of Kikubaaqudgha.
  7866 | D:5      | Noticed Edmund
  8168 | D:7      | Found a staircase to the Ecumenical Temple.
  8498 | D:7      | Found Ibbinef's General Store.
  8513 | D:7      | Noticed ZoeForever1's ghost (novice HuSu)
  8517 | D:7      | Found a runed translucent gate.
  8517 | D:7      | Found a runed translucent gate.
  8518 | D:7      | Found a runed translucent gate.
  8524 | D:7      | Noticed Maggie
  8550 | D:7      | Found a snail-covered altar of Cheibriados.
  8559 | D:7      | Became a worshipper of Cheibriados the Contemplative
  8591 | D:7      | Found a stormy altar of Qazlal.
  9151 | D:8      | Noticed a two-headed ogre
  9346 | D:8      | Found a hazy altar of Hepliaklqana.
  9418 | D:8      | Killed a two-headed ogre
  9419 | D:8      | Reached XP level 10. HP: 72/72 MP: 13/13
  9548 | D:8      | Reached * piety under Cheibriados
  9699 | D:8      | Noticed a centaur warrior
  9710 | D:8      | Mangled by a centaur warrior

Illustrated notes

Levels and vault maps discovered:
D:1:      dpeg_arrival_tiny_a, layout_basic, ebering_ecumenical_altar_webs
D:2:      layout_basic, kennysheep_cluttered_room
D:3:      layout_loops_ring, uniq_jessica, uniq_grinder
D:4:      layout_loops_ring, st_stairs_6, uniq_crazy_yiuf_cottage
D:5:      cheibrodos_fzero, layout_basic,
          nicolae_dithmenos_through_a_glass_darkly, uniq_edmund, uniq_duvessa,
          uniq_sigmund
D:6:      layout_loops_ring, mainiacjoe_overflow_small_starburst,
          gammafunk_temple_overflow_pools, serial_shops, shop,
          uniq_blork_the_orc, uniq_pikel
D:7:      layout_cave_pools, mainiacjoe_overflow_chevrons, grunt_qazlal_clouds,
          temple_pool_b, serial_shops, nicolae_take_the_stairs,
          gammafunk_ghost_split, uniq_maggie
D:8:      minmay_the_grid_square_5x5_3x3
          [minmay_the_grid_square_5x5_checkered_statues,
          minmay_the_grid_square_5x5_six_small, minmay_the_grid_square_5x5_tie,
          minmay_the_grid_square_5x5_longway,
          minmay_the_grid_square_5x5_megaprize_diamond,
          minmay_the_grid_square_5x5_bridge, minmay_the_grid_square_5x5_inner_z,
          minmay_the_grid_square_5x5_n, minmay_the_grid_square_5x5_meh],
          layout_loops_cross, nicolae_hepliaklqana_monster_ancestors,
          nicolae_gozag_seed_capital, lemuel_crystal_altar

Skill      XL: |  1  2  3  4  5  6  7  8  9 10 |
---------------+-------------------------------+-----
Stealth        | 1 |  1.0
Fighting       | 2 4 5 6 8 |  8.0
Ice Magic      | 2 4 6 8 |  8.0
Transmutations | 4 6 8 |  8.0
Invocations    | 3 |  3.4
Unarmed Combat | 5 |  5.6
Dodging        | |  2.0
Spellcasting   | |  2.0

Action                   |  1- 3 |  4- 6 |  7- 9 | 10-12 || total
-------------------------+-------+-------+-------+-------++-------
Melee: Unarmed           |    95 |   119 |   272 |    78 ||   564
       Kick              |    18 |    39 |    29 |       ||    86
       Constrict         |    28 |    28 |     9 |       ||    65
       Tentacles         |    20 |    38 |    17 |     2 ||    77
       Punch             |     1 |     5 |     6 |       ||    12
Throw: Throwing net      |       |       |       |     1 ||     1
 Cast: Beastly Appendage |    23 |    26 |    10 |       ||    59
       Spider Form       |       |       |     8 |       ||     8
       Ice Form          |       |       |    17 |     6 ||    23
       Wereblood         |       |       |     1 |     2 ||     3
Evoke: Wand              |       |     5 |     8 |     4 ||    17
  Use: Scroll            |     2 |     2 |     1 |     1 ||     6
       Potion            |       |       |     2 |     2 ||     4
 Stab: Sleeping          |    13 |     6 |       |       ||    19
Armor: Skin              |     2 |     4 |    33 |    41 ||    80
Dodge: Dodged            |    41 |    55 |   154 |    67 ||   317
Block: Other             |    14 |    17 |    38 |       ||    69
